 Dungeon Crawl Stone Soup version 0.29.1 (webtiles) character file.

Game seed: 8144811008347527540

178 Icepheonix32 the Trooper (level 5, -7/48 HPs)
             Began as a Minotaur Fighter on Sept 13, 2022.
             Was a Follower of Yredelemnul.
             Mangled by an iguana (9 damage)
             ... on level 4 of the Dungeon.
             The game lasted 00:04:13 (3267 turns).

Icepheonix32 the Trooper (Minotaur Fighter)         Turns: 3267, Time: 00:04:14

Health: -7/48      AC: 12    Str: 29    XL:     5   Next: 32%
Magic:  4/4        EV: 10    Int:  5    God:    Yredelemnul [*.....]
Gold:   116        SH:  0    Dex: 10    Spells: 4/4 levels left

rFire   . . .      SeeInvis +   z - +8 quarterstaff of Moderation {pain, Str+7}
rCold   . . .      Faith    .   (shield currently unavailable)
rNeg    . . .      Spirit   .   b - +0 scale mail
rPois   .          Reflect  .   (helmet restricted)
rElec   .          Harm     .   s - scarf {repulsion}
rCorr   .          Rampage  .   y - +0 pair of gloves
Will    .....                   (no boots)
Stlth   ..........              (no amulet)
HPRegen 0.16/turn               i - ring of see invisible
MPRegen 0.09/turn               t - +4 ring of protection

@: studying Shields, repel missiles
A: horns 2, retaliatory headbutt
a: Renounce Religion, Recall Undead Harvest


You were on level 4 of the Dungeon.
You worshipped Yredelemnul.
Yredelemnul was noncommittal.
You visited 2 branches of the dungeon, and saw 5 of its levels.

You collected 116 gold pieces.

Inventory:

Hand Weapons
 a - a +0 long sword
 j - the +5 sling of Righteous Anger {speed, Str+4 Dex-4}
   (You found it on level 2 of the Dungeon)

   Attacks with this weapon are significantly faster.
   Str:       It affects your strength (+4).
   Dex:       It affects your dexterity (-4).
 p - a +0 scimitar
 z - the +8 quarterstaff of Moderation (weapon) {pain, Str+7}
   (You found it on level 3 of the Dungeon)

   In the hands of one skilled in necromantic magic, it inflicts extra damage on
   living creatures.
   Str:       It affects your strength (+7).
Armour
 b - a +0 scale mail (worn)
 c - a +0 buckler
 o - a +0 chain mail
 s - a scarf of repulsion (worn)
 y - a +0 pair of gloves (worn)
Jewellery
 i - a ring of see invisible (left hand)
 t - a +4 ring of protection (right hand)
Scrolls
 e - 2 scrolls of magic mapping {unknown}
 f - a scroll of enchant weapon
 g - 3 scrolls of identify
 h - 3 scrolls of teleportation
 k - a scroll of fear {unknown}
 q - a scroll of immolation {unknown}
 r - a scroll of vulnerability {unknown}
 u - a scroll of enchant armour {unknown}
 w - a scroll of amnesia {unknown}
Potions
 d - a potion of might
 l - a potion of lignification {unknown}
 m - a potion of heal wounds {unknown}
 n - a potion of brilliance {unknown}
 v - a potion of degeneration {unknown}
 x - a potion of curing {unknown}


   Skills:
 * Level 5.0 Fighting
 - Level 3.4 Long Blades
 + Level 5.0 Armour
 + Level 1.5 Dodging
 + Level 0.5 Stealth
 + Level 4.2 Shields


You had 4 spell levels left.
You didn't know any spells.
Your spell library was empty.

Dungeon Overview and Level Annotations

Branches:
Dungeon (4/15)             Temple (1/1) D:4

Altars:
Elyvilon
Fedhas
Gozag
Hepliaklqana
Qazlal
Uskayaw
Xom
Yredelemnul
Zin
The Shining One


Innate Abilities, Weirdness & Mutations

You have a pair of horns on your head.
You reflexively headbutt those who attack you in melee.


Message History

You feel sick.
Your orc wizard zombie hits the endoplasm.
You feel sick.
You are no longer poisoned.
The endoplasm hits your orc zombie.
Your orc zombie hits the endoplasm.
Your orc wizard zombie hits the endoplasm but does no damage.
Things that are here:
a +1 dagger of venom; a +0 robe The endoplasm hits your orc zombie.
Your orc zombie completely misses the endoplasm.
Your orc wizard zombie hits the endoplasm.
The endoplasm completely misses your orc zombie.
The endoplasm hits your orc zombie.
Your orc zombie hits the endoplasm.
Your orc wizard zombie hits the endoplasm but does no damage.
Things that are here:
a +0 dagger; a +0 leather armour The endoplasm hits your orc wizard zombie.
Your orc zombie hits the endoplasm but does no damage.
Your orc wizard zombie hits the endoplasm.
You see here a +0 flail.
The endoplasm freezes your orc wizard zombie.
Your orc wizard zombie is frozen.
Your orc wizard zombie completely resists.
The iguana closely misses you.
Your orc wizard zombie hits the endoplasm.
The endoplasm dies!
The dead are walking!
Your Armour skill increases to level 5!
Things that are here:
a +0 dagger; a +0 leather armour You barely miss the iguana.
You headbutt the iguana, but do no damage.
The iguana bites you.
* * * LOW HITPOINT WARNING * * *
Your orc zombie hits the iguana but does no damage.
Your orc zombie hits the iguana.
Unknown command.
The iguana attacks as you move away! The iguana bites you!
You die...
Your body rises from the dead as a mindless zombie.

..##. .... # ..## ### #.
#.. ... #.##.##.# #
#.......# ### #
###ZZZ### ######.#####
#.Zl# #.<......... #..@#
#.####.###.#
#.))#####.####.###.#
#...##.............#
#####...#...#.##.#......
...............#.#..#..#
...............#.##.#...
...............#......##
#####...#........##.####
#...########........


You could see an iguana (ally target), a friendly endoplasm zombie, 2 friendly
orc zombies and a friendly orc wizard zombie.

Vanquished Creatures
  An orc wizard (D:4)
  3 gnolls (D:3)
  4 adders
  2 worms (D:2)
  4 orcs (D:4)
  13 bats
  7 endoplasms
  2 giant cockroaches
  10 goblins
  6 hobgoblins
  7 kobolds
  4 quokkas
  6 ball pythons
  4 frilled lizards
  A rat (D:1)
74 creatures vanquished.

Vanquished Creatures (collateral kills)
  An endoplasm (D:4)
1 creature vanquished.

Vanquished Creatures (others)
  An endoplasm zombie (D:4)
1 creature vanquished.

Grand Total: 76 creatures vanquished

Notes
Turn   | Place    | Note
-------+----------+-------------------------------------------
     0 | D:1      | Icepheonix32 the Minotaur Fighter began the quest for the
                  | Orb.
     0 | D:1      | Reached XP level 1. HP: 19/19 MP: 0/0
   168 | D:1      | Reached XP level 2. HP: 27/27 MP: 1/1
   331 | D:1      | Found a faded altar of an unknown god.
   769 | D:2      | Identified the +5 sling of Righteous Anger {speed, Str+4
                  | Dex-4}
   792 | D:2      | Reached XP level 3. HP: 4/33 MP: 2/2
  1190 | D:2      | Reached skill level 1 in Dodging
  1275 | D:2      | Reached XP level 4. HP: 41/41 MP: 3/3
  2700 | D:3      | Identified the +8 quarterstaff of Moderation {pain, Str+7}
  2713 | D:3      | Reached XP level 5. HP: 43/47 MP: 4/4
  2940 | D:4      | Found a staircase to the Ecumenical Temple.
  2967 | D:4      | Reached skill level 5 in Fighting
  2987 | Temple   | Entered the Ecumenical Temple
  3200 | Temple   | Became a worshipper of Yredelemnul the Dark
  3251 | D:4      | Reached * piety under Yredelemnul
  3266 | D:4      | Reached skill level 5 in Armour
  3266 | D:4      | HP: 2/48 [iguana (2)]
  3267 | D:4      | Mangled by an iguana

Illustrated notes

Levels and vault maps discovered:
D:1:      dpeg_arrival_renting, layout_basic,
          hellmonk_ecumenical_altar_slurped_away
D:2:      layout_loops_ring
D:3:      layout_loops_cross
D:4:      layout_loops_cross, minmay_temple_entry_purple_smoke
Temple:   chequers_temple_sunken

Skill      XL: |  1  2  3  4  5 |
---------------+----------------+-----
Fighting       | 4 5 |  5.0
Shields        | 4 |  4.2
Armour         | 4 5 |  5.0
Dodging        | 1 |  1.5
Long Blades    | 3 |  3.4
Stealth        | |  0.5

Action                   |  1- 3 |  4- 6 || total
-------------------------+-------+-------++-------
Melee: Long sword        |    74 |    68 ||   142
       Headbutt          |    12 |    10 ||    22
       Quarterstaff      |       |    18 ||    18
  Use: Scroll            |       |     2 ||     2
Armor: Scale mail        |    33 |    41 ||    74
Dodge: Dodged            |    43 |    50 ||    93
Block: Buckler           |    17 |    22 ||    39
